 Seeded DCSS version 0.27-a0-1200-g94dc6ad4cf (webtiles) character file.

Game seed: 1482225061180600175 (custom seed)

94 flotson the Covert (level 4, -1/41 HPs)
             Began as a Gnoll Delver on May 31, 2021.
             Slain by Duvessa
             ... wielding a +0 rapier
              (10 damage)
             ... on level 4 of the Dungeon.
             The game lasted 00:01:50 (406 turns).

flotson the Covert (Gnoll Delver)                    Turns: 406, Time: 00:01:50

Health: -1/41      AC:  6    Str: 13    XL:     4   Next: 63%
Magic:  5/5        EV: 10    Int:  9    God:
Gold:   7          SH:  0    Dex: 13    Spells: 5/5 levels left

rFire    . . .     SeeInvis .   b - +0 rapier
rCold    . . .     Faith    .   (no shield)
rNeg     . . .     Spirit   .   f - +0 scale mail
rPois    .         Reflect  .   (no helmet)
rElec    .         Harm     .   (no cloak)
rCorr    .         Rampage  .   (no gloves)
Will     .....                  (no boots)
Stlth    +++.......             (no amulet)
HPRegen  0.13/turn              (no ring)
MPRegen  0.09/turn              (no ring)

@: no status effects
A: fangs 1, strong nose, distributed training
a: no special abilities


You were on level 4 of the Dungeon.
You visited 1 branch of the dungeon, and saw 2 of its levels.

You collected 7 gold pieces.

Inventory:

Hand Weapons
 a - a +0 spear
 b - a +0 rapier (weapon)
Armour
 f - a +0 scale mail (worn)
Wands
 g - a wand of digging (2)
Scrolls
 c - a scroll of fog
 i - a scroll of enchant armour {unknown}
Potions
 h - a potion of berserk rage {unknown}


   Skills:
 + Level 6.6 Fighting
 + Level 1.2 Short Blades
 + Level 1.2 Long Blades
 + Level 1.2 Axes
 + Level 1.2 Maces & Flails
 + Level 4.6 Polearms
 + Level 1.2 Staves
 + Level 1.2 Slings
 + Level 1.2 Bows
 + Level 1.2 Crossbows
 + Level 1.2 Throwing
 + Level 1.2 Armour
 + Level 4.6 Dodging
 + Level 9.6 Stealth
 + Level 1.2 Shields
 + Level 1.2 Unarmed Combat
 + Level 1.2 Spellcasting
 + Level 1.0 Conjurations
 + Level 1.0 Hexes
 + Level 1.0 Summonings
 + Level 1.0 Necromancy
 + Level 1.0 Translocations
 + Level 1.0 Transmutations
 + Level 1.0 Fire Magic
 + Level 1.0 Ice Magic
 + Level 1.0 Air Magic
 + Level 1.0 Earth Magic
 + Level 1.0 Poison Magic
 + Level 1.3 Invocations
 + Level 1.2 Evocations


You had 5 spell levels left.
You didn't know any spells.
Your spell library was empty.

Dungeon Overview and Level Annotations

Branches:
Dungeon (5/15)
 Temple: D:4-7

Altars:

Portals:
Sewer: D:4

Annotations:
D:4 Dowan, Duvessa
D:5 Sigmund


Innate Abilities, Weirdness & Mutations

You have very sharp teeth.
Your uncanny sense of smell can sniff out nearby items.
Your experience applies equally to all skills.


Message History

The river rat closely misses you.
The hound barks!
The hound closely misses you. The hound bites you but does no damage.
The hound closely misses you. The hound barely misses you.
You hit the hound.
The hound is moderately wounded.
The hound misses you. The hound bites you but does no damage.
You closely miss the hound.
The hound is moderately wounded.
The hound closely misses you.
You barely miss the hound.
The hound is moderately wounded.
The hound bites you.
* * * LOW HITPOINT WARNING * * *
The hound bites you.
* * * LOW HITPOINT WARNING * * *
As you read the scroll of fear, it crumbles to dust.
You assume a fearsome visage.
The river rat looks frightened!
The hound looks frightened!
You see here a ball python corpse.
You hear the brisk rusting of a drain nearby.
Duvessa and Dowan come into view.
Duvessa is wielding a +0 rapier and wearing a +3 leather armour of cold resistance.
Dowan shouts!
You closely miss Duvessa. Duvessa barely misses you.
You hit Duvessa. Your bite misses Duvessa.
Duvessa is lightly wounded.
Duvessa hits you with a +0 rapier.
* * * LOW HITPOINT WARNING * * *
You hit Duvessa.
Duvessa is moderately wounded.
Duvessa closely misses you.
Duvessa gestures with her weapon.
Dowan gestures at Duvessa while chanting.
Duvessa seems to speed up.
Duvessa hits you but does no damage.
Found 10 gold pieces.
Duvessa hits you with a +0 rapier!
You die...

******,,*#########.# #####*
*,,,,,......#.##### #...,,
*,********#.......#####.####
******,,,,*
###.###......)....
,,,,,,,,,,* #e# #######.####
*******,,,* #.# ##.####
**,** #.# #......
*,#########.# #..####
*,#......@e.# #..# #
*,#$#.####### #..# #
****,*,*,* #..# **≈******≈**
#..#### ** *≈≈≈≈≈≈*≈≈≈*
#...... ,* *≈≈≈*≈≈*≈≈≈* ###
###.##..# ,* **≈*.≈≈*#≈**
##.####....##.# ,*
*≈*≈≈≈≈#≈* #..............
,* *≈*≈∩≈≈#≈*
##..##..##..##.


You could see Duvessa (fast).

Vanquished Creatures
  An ogre (D:4)
  A ball python (D:4)
  2 giant cockroaches (D:4)
  A goblin (D:4)
  2 quokkas (D:4)
  A kobold (D:4)
8 creatures vanquished.

Notes
Turn   | Place    | Note
-------+----------+-------------------------------------------
     0 | D:5      | Reached skill level 9 in Stealth
     0 | D:5      | flotson the Gnoll Delver began the quest for the Orb.
     0 | D:5      | Reached XP level 1. HP: 23/23 MP: 1/1
    21 | D:5      | Noticed an ogre
    59 | D:4      | Killed an ogre
    60 | D:4      | Reached skill level 1 in Short Blades
    60 | D:4      | Reached skill level 1 in Long Blades
    60 | D:4      | Reached skill level 1 in Axes
    60 | D:4      | Reached skill level 1 in Maces & Flails
    60 | D:4      | Reached skill level 1 in Staves
    60 | D:4      | Reached skill level 1 in Slings
    60 | D:4      | Reached skill level 1 in Bows
    60 | D:4      | Reached skill level 1 in Crossbows
    60 | D:4      | Reached skill level 1 in Throwing
    60 | D:4      | Reached skill level 1 in Armour
    60 | D:4      | Reached skill level 1 in Shields
    60 | D:4      | Reached skill level 1 in Unarmed Combat
    60 | D:4      | Reached skill level 1 in Spellcasting
    60 | D:4      | Reached skill level 1 in Invocations
    60 | D:4      | Reached skill level 1 in Evocations
    60 | D:4      | Reached XP level 2. HP: 29/29 MP: 1/3
    60 | D:4      | Reached XP level 3. HP: 35/35 MP: 1/4
    60 | D:4      | Reached XP level 4. HP: 41/41 MP: 1/5
    72 | D:5      | Noticed Sigmund
   247 | D:4      | Reached skill level 1 in Conjurations
   247 | D:4      | Reached skill level 1 in Hexes
   247 | D:4      | Reached skill level 1 in Summonings
   247 | D:4      | Reached skill level 1 in Necromancy
   247 | D:4      | Reached skill level 1 in Translocations
   247 | D:4      | Reached skill level 1 in Transmutations
   247 | D:4      | Reached skill level 1 in Fire Magic
   247 | D:4      | Reached skill level 1 in Ice Magic
   247 | D:4      | Reached skill level 1 in Air Magic
   247 | D:4      | Reached skill level 1 in Earth Magic
   247 | D:4      | Reached skill level 1 in Poison Magic
   325 | D:4      | Found a glowing drain.
   390 | D:4      | Noticed Duvessa
   390 | D:4      | Noticed Dowan
   406 | D:4      | Slain by Duvessa

Illustrated notes

Levels and vault maps discovered:
D:4:      layout_loops_ring, serial_shops, shop, gup_sewer_entry_bubbles,
          palyth_stone_intersect, uniq_duvessa
D:5:      layout_loops_ring, lemuel_zombie_altar_yredelemnul, uniq_sigmund

Skill      XL: |  1  2  3  4 |
---------------+-------------+-----
Stealth        | |  9.6
Short Blades   | 1 |  1.2
Long Blades    | 1 |  1.2
Axes           | 1 |  1.2
Maces & Flails | 1 |  1.2
Staves         | 1 |  1.2
Slings         | 1 |  1.2
Bows           | 1 |  1.2
Crossbows      | 1 |  1.2
Throwing       | 1 |  1.2
Armour         | 1 |  1.2
Shields        | 1 |  1.2
Unarmed Combat | 1 |  1.2
Spellcasting   | 1 |  1.2
Invocations    | 1 |  1.3
Evocations     | 1 |  1.2
Conjurations   | 1 |  1.0
Hexes          | 1 |  1.0
Summonings     | 1 |  1.0
Necromancy     | 1 |  1.0
Translocations | 1 |  1.0
Transmutations | 1 |  1.0
Fire Magic     | 1 |  1.0
Ice Magic      | 1 |  1.0
Air Magic      | 1 |  1.0
Earth Magic    | 1 |  1.0
Poison Magic   | 1 |  1.0
Fighting       | |  6.6
Polearms       | |  4.6
Dodging        | |  4.6

Action                   |  1- 3 |  4- 6 || total
-------------------------+-------+-------++-------
Melee: Spear             |    20 |       ||    20
       Bite              |     3 |     2 ||     5
       Rapier            |       |    44 ||    44
       Punch             |       |     1 ||     1
Evoke: Wand              |       |     1 ||     1
  Use: Potion            |     1 |       ||     1
       Scroll            |       |     2 ||     2
Armor: Scale mail        |       |    18 ||    18
Dodge: Dodged            |    10 |    22 ||    32

Table legend: (Time is in decaauts)
 A = Elapsed time spent in this place.
 B = Non-inter-level travel time spent in this place.
 C = Inter-level travel time spent in this place.
 D = Time resting spent in this place.
 E = Time spent auto-exploring this place.
 F = Levels seen in this place.
 G = Mean time per level.
                   A        B        C        D        E       F      G
               +--------+--------+--------+--------+--------+-----+--------+
         Total |    390 |    390 |      0 |      0 |    138 |   2 |  195.0 |
       Dungeon |    390 |    390 |      0 |      0 |    138 |   2 |  195.0 |
               +--------+--------+--------+--------+--------+-----+--------+

Top non-repeatable levels by time:
     D:4: 300 daAuts
     D:5: 90 daAuts
